 Dungeon Crawl Stone Soup version 0.28.0-43-g3370ac3207 (webtiles) character file.

Game seed: 12043754429079773499

125522 nickcage the Warrior (level 16, -1/104 HPs)
             Began as a Gargoyle Fighter on Mar 21, 2022.
             Was the Champion of Hepliaklqana.
             Slain by an unseen horror (7 damage)
             ... on level 3 of the Abyss on Mar 22, 2022.
             The game lasted 02:05:54 (29738 turns).

nickcage the Warrior (Gargoyle Fighter)            Turns: 29738, Time: 02:05:55

Health: -1/104     AC: 56    Str: 26      XL:     16   Next: 96%
Magic:  21/21      EV:  6    Int: 11 (12) God:    Hepliaklqana [******]
Gold:   1360       SH:  8    Dex: 18      Spells: 15/15 levels left

rFire   + + .      SeeInvis .   s - +4 morningstar (flame)
rCold   . . .      Faith    .   c - +1 buckler
rNeg    + + .      Spirit   .   H - +8 orange crystal plate armour {Archmagi, Int+3 Clar}
rPois   ∞          Reflect  .   G - +0 helmet
rElec   +          Harm     .   x - +0 cloak
rCorr   .          Rampage  ∞   f - +1 pair of gloves {infuse}
Will    +....      Archmagi +   b - +3 pair of seven-league boots {Rampage+∞}
Stlth   .......... Clarity  +   (no amulet)
HPRegen 0.27/turn               u - +4 ring of slaying
MPRegen 0.17/turn               T - ring "Valasouk" {rF++ rN+ Dex+7}

@: flying, invisible
A: reduced essence, sickness immunity, AC +12, big wings, negative energy
resistance 1, electricity resistance, torment resistance 1, petrification
resistance
a: Renounce Religion, Recall Ancestor, Ancestor Identity, Transference, Idealise


You were on level 3 of the Abyss.
You worshipped Hepliaklqana.
Hepliaklqana was exalted by your worship.
You visited 5 branches of the dungeon, and saw 22 of its levels.
You visited the Abyss 1 time.

You collected 2485 gold pieces.
You spent 1125 gold pieces at shops.

Inventory:

Hand Weapons
 s - a +4 morningstar of flaming (weapon)
Missiles
 y - 6 poisoned darts (quivered)
Armour
 b - the +3 pair of seven-league boots (worn) {Rampage+∞}
   (You acquired it on level 6 of the Lair of Beasts)

   Its wearer moves as far as possible in that direction when moving towards
   enemies.
 c - a +1 buckler (worn)
 f - a +1 pair of gloves of infusion (worn)
 x - a +0 cloak (worn)
 A - a +1 plate armour of positive energy
 G - a +0 helmet (worn)
 H - the +8 orange crystal plate armour (worn) {Archmagi, Int+3 Clar}
   (You found it on level 10 of the Dungeon)

   Int:       It affects your intelligence (+3).
   Clar:      It protects you against confusion.
Jewellery
 a - the ring "Qeytisy" {Drain rF+ Str+7 Int+3}
   (You found it on level 6 of the Lair of Beasts)

   [ring of protection from fire]

   Str:       It affects your strength (+7).
   Int:       It affects your intelligence (+3).
   rF:        It protects you from fire.
   Drain:     It drains your maximum health when unequipped.
 u - a +4 ring of slaying (left hand)
 M - a ring of see invisible
 T - the ring "Valasouk" (right hand) {rF++ rN+ Dex+7}
   (You bought it in a shop on level 5 of the Dungeon)

   [ring of positive energy]

   Dex:       It affects your dexterity (+7).
   rF:        It greatly protects you from fire.
   rN:        It protects you from negative energy.
Wands
 j - a wand of iceblast (5)
 q - a wand of polymorph (15)
 t - a wand of flame (40)
 w - a wand of paralysis (12)
 B - a wand of digging (5)
Scrolls
 e - 5 scrolls of teleportation
 l - a scroll of amnesia
 o - 3 scrolls of holy word
 v - 4 scrolls of blinking
 F - a scroll of immolation
 L - a scroll of enchant armour
 N - 4 scrolls of identify
 P - a scroll of torment
 S - 3 scrolls of fear
Potions
 d - a potion of cancellation
 g - 12 potions of curing
 h - 2 potions of lignification
 i - 2 potions of heal wounds
 k - 2 potions of invisibility
 m - 3 potions of haste
 n - 2 potions of berserk rage
 r - 2 potions of brilliance
 I - a potion of might
 K - a potion of ambrosia


   Skills:
 + Level 18.9 Fighting
 - Level 16.0 Maces & Flails
 + Level 18.2 Armour
 - Level 8.5 Shields
 - Level 7.0 Invocations


You had 15 spell levels left.
You didn't know any spells.
Your spell library contained the following spells:

 Spells                   Type           Power      Damage    Failure   Level
 Slow                     Hex            0%         N/A       100%        1
 Scorch                   Fire           0%         2d5       100%        2
 Static Discharge         Conj/Air       0%         N/A       100%        2
 Confusing Touch          Hex            0%         N/A       100%        3
 Summon Guardian Golem    Hex/Summ       0%         N/A       100%        3
 Vampiric Draining        Necr           0%         2d6       100%        3
 Flame Wave               Conj/Fire      0%         2d4       100%        4
 Passage of Golubria      Tloc           0%         N/A       100%        4
 Summon Lightning Spire   Summ/Air       0%         N/A       100%        4
 Blade Hands              Tmut           0%         N/A       100%        5
 Irradiate                Conj/Tmut      0%         3d14      100%        5
 Lightning Bolt           Conj/Air       0%         1d11      100%        5
 Silence                  Hex/Air        0%         N/A       100%        5
 Summon Cactus Giant      Summ           0%         N/A       100%        6
 Dragon Form              Tmut           0%         N/A       100%        7
 Orb of Destruction       Conj           0%         9d5       100%        7
 Spellforged Servitor     Conj/Summ      0%         N/A       100%        7
 Storm Form               Tmut/Air       0%         N/A       100%        7
 Lehudib's Crystal Spear  Conj/Erth      0%         10d2      100%        8
 Maxwell's Capacitive Co  Air            0%         ∞         100%        8


Dungeon Overview and Level Annotations

Branches:
Dungeon (11/15)            Temple (1/1) D:4            Lair (6/6) D:11
 Shoals (0/4) Lair:4       Spider (0/4) Lair:3        Slime (0/5) Lair:6
    Orc (2/2) D:11            Elf (2/3) Orc:2

Altars:
Ashenzari
Cheibriados
Dithmenos
Elyvilon
Fedhas
Gozag
Hepliaklqana
Makhleb
Nemelex Xobeh
Okawaru
Qazlal
Ru
Sif Muna
Trog
Uskayaw
Vehumet
Wu Jian
Xom
The Shining One
Jiyva

Shops:
D:5 =   D:6 *   D:8 [   Orc:2 :?(([(!!   Elf:1 (([   Elf:2 (

Portals:
Trove: D:11 (show abyssal rune of Zot)

Annotations:
Lair:6 exclusion: obsidian statue
Elf:1 6 runed translucent doors
Elf:2 Louise


Innate Abilities, Weirdness & Mutations

Your life essence is reduced to manifest your ancestor. (-10% HP)
You are immune to sickness and miasma.
Your stone body is resilient. (AC +12)
You are immune to poison.
Your large and strong wings let you fly.
You resist negative energy. (rN+)
You are resistant to electric shocks. (rElec)
You are resistant to unholy torment.
You are immune to petrification.


Message History

* * * LOW HITPOINT WARNING * * *
The demonic crawler shrieks in warning!
The shard shrike zombie claws you.
* * * LOW HITPOINT WARNING * * *
The thrashing horror tramples you but does no damage.
The thrashing horror closely misses you.
You fade into invisibility!
The thrashing horror roars!
The shard shrike zombie claws you.
* * * LOW HITPOINT WARNING * * *
The thrashing horror tramples you but does no damage. x2
The shard shrike zombie claws you but does no damage.
The raiju pauses to sniff the ground.
A smoke demon comes into view.
The smoke demon roars!
Something hits you but does no damage. Something hits you but does no damage.
The smoke demon roars!
Something hits you but does no damage.
Homie emerges from the mists of memory!
The smoke demon roars!
The demonic crawler hits Homie! x3; Something hits you but does no damage.
The demonic crawler misses Homie.
The demonic crawler hits Homie but does no damage.
The demonic crawler hits Homie!
Something hits you but does no damage.
The demonic crawler shrieks in warning!
Homie casts a spell at the demonic crawler.
The bolt of magma hits the demonic crawler!!
The demonic crawler partially resists.
The smoke demon hits Homie but does no damage.
The smoke demon hits Homie.
The smoke demon barely misses Homie.
You hear a bark!
You hear a chilling moan.
Something hits you but does no damage.
The demonic crawler closely misses Homie.
The demonic crawler barely misses Homie.
The demonic crawler hits Homie!
Homie hits the demonic crawler with a +0 quarterstaff!
Something hits you!
You die...

#...#...# ..
.#.#.#.#... ### ..
.......#..##..##..
#.... .##..#......
..#..hWXsR.#...... ##
.#...x#.##.3## .##..
.#...#..#....# ... #.
....#..#..##.#.#
.#..#.#.......@...#
#.#.##....###{.###..#
. ......#.. #.#.#
...##.##.#.####... ..
.. #... .# ..## #..
.#.


You could see the friendly Homie the battlemage and a demonic crawler (catching
breath, ally target).

Vanquished Creatures
  A deep elf blademaster (Elf:2)
  A deep elf sorcerer (Elf:2)
  3 very ugly things (Abyss:2)
  A juggernaut skeleton (Abyss:2)
  3 deep elf demonologists (Elf:1)
  A deep elf annihilator (Elf:2)
  5 dire elephants (Lair:6)
  Snorg (Lair:4)
  Josephine (Lair:6)
  A deep elf high priest (Elf:2)
  A boulder beetle (D:7)
  5 hydras
  The ghost of ultragoat the Grappler, a novice TrMo of Gozag (Lair:1)
  An ogre mage (Orc:2)
  9 two-headed ogres
  13 death yaks
  An orc high priest (Orc:2)
  A spectral dire elephant (Lair:6)
  20 dancing weapons
  11 deep elf knights
  Nergalle (Lair:2)
  A spectral death yak (Lair:6)
  A spectral anaconda (Lair:6)
  8 deep elf archers
  12 deep elf zephyrmancers
  5 orc knights (Orc:1)
  13 deep elf pyromancers
  4 necromancers (Lair:6)
  2 orc sorcerers
  6 elephants
  A dire elephant zombie (Lair:6)
  9 cane toads
  2 black mambas (Lair:6)
  A dire elephant skeleton (Lair:6)
  5 rime drakes
  A demonic crawler (Lair:6)
  7 trolls
  5 raiju (Abyss:2)
  A hornet (D:9)
  6 blink frogs
  A snapping turtle (Lair:4)
  3 culicivoras (Lair:3)
  A spriggan (shapeshifter) (Abyss:3)
  A jumping spider (Lair:3)
  A vampire (D:11)
  2 water elementals
  3 air elementals
  A dire elephant simulacrum (Lair:6)
  2 wyverns
  5 wraiths
  2 shadows
  38 yaks
  3 basilisks
  A fire elemental (Elf:1)
  3 steam dragons
  2 redbacks (Lair:3)
  A neqoxec (Abyss:2)
  2 death yak simulacra (Lair:6)
  Edmund (D:6)
  4 swamp worms (Lair:6)
  2 wargs
  2 spectral cane toads (Lair:6)
  2 two-headed ogre zombies (D:11)
  An acid dragon (D:10)
  12 water moccasins
  3 sky beasts
  2 black bears
  27 orc warriors
  5 ice beasts
  25 ogres
  2 necrophages
  4 centaurs
  An elephant skeleton (Lair:6)
  7 wolves
  3 phantoms
  2 kobold brigands
  11 bullfrogs
  3 gnoll sergeants
  3 earth elementals
  3 scorpions
  8 killer bees
  3 wights (D:5)
  An electric eel (Lair:4)
  2 howler monkeys
  4 centaur zombies
  3 starcursed masses (Abyss:2)
  4 bullfrog zombies
  2 jellies
  9 orc priests
  2 bullfrog skeletons
  4 gnoll shamans
  9 hounds
  A centaur skeleton (D:5)
  Jessica (D:2)
  Natasha (twice) (D:2)
  3 iguanas
  Ijyb (D:5)
  7 orc wizards
  3 ogre zombies (D:11)
  A hound skeleton (D:2)
  A howler monkey skeleton (D:4)
  28 gnolls
  7 adders
  A white imp (D:7)
  An ufetubus (D:4)
  4 dart slugs
  53 orcs
  9 bats
  7 endoplasms
  3 giant cockroaches
  8 goblins
  8 hobgoblins
  6 jackals
  11 kobolds
  3 quokkas
  9 ball pythons
  2 frilled lizards
  A hobgoblin zombie (D:11)
  2 orc skeletons (D:11)
  10 orc zombies (D:11)
  3 rats
616 creatures vanquished.

Vanquished Creatures (collateral kills)
  An orc warlord (Orc:2)
  A deep elf death mage (Elf:1)
  3 ogre magi (Orc:2)
  3 death yaks (Lair:6)
  4 dancing weapons (Elf:2)
  A catoblepas (Lair:5)
  3 two-headed ogres
  5 deep elf knights
  6 starcursed masses (Abyss:2)
  2 deep elf archers (Elf:1)
  An orc knight (Orc:2)
  A deep elf zephyrmancer (Elf:1)
  2 orc sorcerers (Orc:2)
  3 deep elf pyromancers
  An ugly thing (Abyss:2)
  An oklob plant (Lair:4)
  A cyclops (D:11)
  Joseph (Lair:1)
  4 elephants
  A smoke demon (Abyss:2)
  A rust devil (Abyss:2)
  An unseen horror (D:11)
  3 cane toads
  3 komodo dragons
  2 trolls (Orc:1)
  A large abomination (Abyss:2)
  3 raiju (Abyss:2)
  2 blink frogs
  A spectral elephant (Lair:6)
  2 jumping spiders (Lair:3)
  6 yaks
  A wraith (D:11)
  2 wyverns (Lair:6)
  A two-headed ogre zombie (D:11)
  4 water moccasins
  3 orc warriors
  6 ogres (Orc:2)
  3 wolves
  3 centaurs
  2 bullfrogs
  7 killer bees
  A troll zombie (D:11)
  An elephant simulacrum (Lair:6)
  An electric eel (Lair:2)
  A howler monkey (D:9)
  A bullfrog zombie (D:7)
  A centaur zombie (D:9)
  An orc priest (Orc:1)
  4 orc wizards
  An ogre zombie (D:11)
  2 gnolls
  15 orcs
  3 kobolds
  A goblin skeleton (D:11)
  2 goblin zombies (D:11)
  2 orc skeletons (D:11)
  7 orc zombies (D:11)
  A bush (Lair:6)
  A starspawn tentacle (Abyss:2)
148 creatures vanquished.

Vanquished Creatures (others)
  19 battlemagi
  2 ancestors (D:6)
  A bush (D:11)
  28 fungi
  49 plants
  31 starspawn tentacles
  27 withered plants (Lair:6)
157 creatures vanquished.

Grand Total: 921 creatures vanquished

Notes
Turn   | Place    | Note
-------+----------+-------------------------------------------
     0 | D:1      | nickcage the Gargoyle Fighter began the quest for the Orb.
     0 | D:1      | Reached XP level 1. HP: 14/14 MP: 1/1
   157 | D:1      | Reached XP level 2. HP: 19/19 MP: 2/2
   799 | D:1      | Reached XP level 3. HP: 24/24 MP: 3/3
  1216 | D:1      | Found a faded altar of an unknown god.
  1491 | D:2      | Found a bloodstained altar of Trog.
  1569 | D:2      | Reached XP level 4. HP: 29/29 MP: 4/4
  1695 | D:2      | Noticed Jessica
  1820 | D:2      | Killed Jessica
  1821 | D:2      | Reached XP level 5. HP: 33/33 MP: 5/5
  2064 | D:2      | Reached skill level 5 in Maces & Flails
  2110 | D:2      | Noticed Natasha
  2115 | D:2      | Killed Natasha
  2298 | D:2      | Noticed Natasha
  2305 | D:2      | Killed Natasha
  2945 | D:3      | Reached XP level 6. HP: 38/38 MP: 6/6
  2978 | D:3      | Noticed a sky beast
  2988 | D:3      | Killed a sky beast
  3485 | D:4      | Reached XP level 7. HP: 36/43 MP: 7/7
  4348 | D:4      | Found a staircase to the Ecumenical Temple.
  4354 | Temple   | Entered the Ecumenical Temple
  4421 | Temple   | Became a worshipper of Hepliaklqana the Forgotten
  4939 | D:4      | Found a bloodstained altar of Trog.
  4953 | D:4      | Found a white marble altar of Elyvilon.
  4974 | D:4      | Found an ornate altar of the Wu Jian Council.
  4977 | D:4      | Found a sparkling altar of Nemelex Xobeh.
  5016 | D:5      | Entered Level 5 of the Dungeon
  5050 | D:5      | Reached XP level 8. HP: 40/48 MP: 8/8
  5266 | D:5      | Found a shimmering blue altar of Sif Muna.
  5592 | D:5      | Noticed Ijyb
  5602 | D:5      | Killed Ijyb
  5723 | D:5      | Found Mirphauxt's Jewellery Shoppe.
  5865 | D:5      | Reached skill level 10 in Maces & Flails
  5875 | D:5      | Found a burning altar of Makhleb.
  5899 | D:5      | Reached * piety under Hepliaklqana
  6045 | D:5      | Reached XP level 9. HP: 36/46 MP: 9/9
  7631 | D:6      | Noticed Edmund
  7653 | D:6      | Killed Edmund
  7654 | D:6      | Reached XP level 10. HP: 43/50 MP: 10/10
  7802 | D:6      | Noticed a five-headed hydra
  7818 | D:6      | Killed a five-headed hydra
  8038 | D:6      | Found Weotabuih's Assorted Antiques.
  8043 | D:6      | Bought a cloak for 103 gold pieces
  8329 | D:7      | Noticed a boulder beetle
  8884 | D:7      | Reached ** piety under Hepliaklqana
  8885 | D:7      | Remembered your ancestor Homie as a battlemage
  8953 | D:7      | Killed a boulder beetle
  8954 | D:7      | Reached skill level 15 in Maces & Flails
  9469 | D:8      | Found Xuoffo's Antique Armour Shoppe.
  9587 | D:8      | Reached XP level 11. HP: 29/54 MP: 11/11
  9802 | D:8      | Found a radiant altar of Vehumet.
 10244 | D:9      | Paralysed by a gnoll for 2 turns
 10361 | D:9      | Noticed a two-headed ogre
 10373 | D:9      | Killed a two-headed ogre
 10374 | D:9      | Reached skill level 5 in Fighting
 10374 | D:9      | Reached skill level 5 in Armour
 10691 | D:9      | Noticed a lindwurm
 10751 | D:9      | Noticed a lindwurm
 10759 | D:9      | Noticed a lindwurm
 10761 | D:9      | Noticed a lindwurm
 10921 | D:10     | Entered Level 10 of the Dungeon
 10967 | D:10     | Found the +8 orange crystal plate armour {Archmagi, Int+3
                  | Clar}
 11466 | D:10     | Reached *** piety under Hepliaklqana
 11570 | D:11     | Found a portal to a secret trove of treasure.
 11661 | D:11     | Noticed a cyclops
 11693 | D:11     | Reached skill level 5 in Shields
 11781 | D:11     | Killed a cyclops
 11866 | D:11     | Noticed a two-headed ogre
 11872 | D:11     | Killed a two-headed ogre
 11876 | D:11     | Found a staircase to the Orcish Mines.
 11899 | D:11     | Reached XP level 12. HP: 53/65 MP: 12/12
 12177 | D:11     | Found a radiant altar of Vehumet.
 12393 | D:11     | Found a staircase to the Lair.
 12561 | Lair:1   | Entered Level 1 of the Lair of Beasts
 12728 | Lair:1   | Reached **** piety under Hepliaklqana
 12966 | Lair:1   | Noticed Joseph
 12978 | Lair:1   | Killed Joseph
 13056 | Lair:1   | Found a runed translucent door.
 13062 | Lair:1   | Noticed ultragoat's ghost (novice TrMo)
 13320 | Lair:1   | Noticed a seven-headed hydra
 13328 | Lair:1   | Killed a seven-headed hydra
 13775 | Lair:2   | Noticed Nergalle
 13783 | Lair:2   | Killed Nergalle
 13828 | Lair:2   | Noticed a seven-headed hydra
 13833 | Lair:2   | Killed a seven-headed hydra
 13917 | Lair:2   | Noticed a five-headed hydra
 13922 | Lair:2   | Killed a five-headed hydra
 13959 | Lair:2   | Noticed a death yak
 13959 | Lair:2   | Noticed a death yak
 13960 | Lair:2   | Noticed a death yak
 13976 | Lair:2   | Noticed a death yak
 13978 | Lair:2   | Killed a death yak
 13986 | Lair:2   | Killed a death yak
 13987 | Lair:2   | Reached skill level 10 in Fighting
 13989 | Lair:2   | Killed a death yak
 13991 | Lair:2   | Killed a death yak
 13992 | Lair:2   | Reached skill level 10 in Armour
 14266 | Lair:2   | Noticed a four-headed hydra
 14272 | Lair:2   | Killed a four-headed hydra
 14404 | Lair:2   | Reached XP level 13. HP: 75/75 MP: 13/13
 15154 | Lair:3   | Found a hole to the Spider Nest.
 16173 | Lair:4   | Noticed Snorg
 16194 | Lair:4   | Killed Snorg
 16599 | Lair:4   | Found a snail-covered altar of Cheibriados.
 16745 | Lair:4   | Reached ***** piety under Hepliaklqana
 16782 | Lair:4   | Identified the +6 short sword of Ravage {holy, Will++}
 16839 | Lair:4   | Reached skill level 1 in Invocations
 17099 | Lair:4   | Found a staircase to the Shoals.
 18200 | D:5      | Bought the ring "Valasouk" {rF++ rN+ Dex+7} for 651 gold
                  | pieces
 18764 | Lair:6   | Entered Level 6 of the Lair of Beasts
 18918 | Lair:6   | Gained mutation: Your large and strong wings let you fly.
                  | [Gargoyle growth]
 18918 | Lair:6   | Reached XP level 14. HP: 13/82 MP: 16/16
 19286 | Lair:6   | Noticed Josephine
 19295 | Lair:6   | Killed Josephine
 19412 | Lair:6   | Identified the ring "Qeytisy" {Drain rF+ Str+7 Int+3}
 19877 | Lair:6   | Found a viscous altar of Jiyva.
 19878 | Lair:6   | Found a staircase to the Slime Pits.
 20035 | Lair:6   | Noticed a dire elephant
 20035 | Lair:6   | Noticed a dire elephant
 20035 | Lair:6   | Noticed a dire elephant
 20035 | Lair:6   | Noticed a dire elephant
 20259 | Lair:6   | Reached skill level 5 in Invocations
 20286 | Lair:6   | Noticed a dire elephant
 20312 | Lair:6   | Killed a dire elephant
 20885 | Lair:6   | Identified a scroll of acquirement
 20888 | Lair:6   | Acquired the +3 pair of seven-league boots {Rampage+∞}
 20888 | Lair:6   | Found the +3 pair of seven-league boots {Rampage+∞}
 21006 | Lair:6   | Killed a dire elephant
 21013 | Lair:6   | Killed a dire elephant
 21022 | Lair:6   | Killed a dire elephant
 21036 | Lair:6   | Killed a dire elephant
 21993 | Lair:1   | Killed ultragoat's ghost
 22139 | Orc:1    | Entered Level 1 of the Orcish Mines
 22320 | Orc:2    | Entered Level 2 of the Orcish Mines
 22320 | Orc:2    | Noticed an orc warlord
 22714 | Orc:2    | Killed an orc warlord
 22764 | Orc:2    | Found Raci's Distillery.
 22795 | Orc:2    | Reached XP level 15. HP: 90/90 MP: 19/19
 22801 | Orc:2    | Found a shimmering altar of Xom.
 22843 | Orc:2    | Found Taleo's Magic Scroll Boutique.
 22865 | Orc:2    | Reached skill level 15 in Fighting
 23107 | Orc:2    | Found Xopruchi's Weapon Shop.
 23198 | Orc:2    | Found a staircase to the Elven Halls.
 23575 | Orc:1    | Reached skill level 15 in Armour
 23831 | Orc:2    | Found Seduran's Armour Shoppe.
 23831 | Orc:2    | Found Kemell's Distillery.
 23831 | Orc:2    | Found Wibb's Antique Weapon Shop.
 23831 | Orc:2    | Found Vuoneddeapu's Antique Weapon Shoppe.
 24111 | Orc:2    | Bought a +1 pair of gloves of infusion for 231 gold pieces
 24112 | Orc:2    | Bought a potion of haste for 140 gold pieces
 24294 | Orc:2    | Found Kukuin's Book Shoppe.
 25125 | Elf:1    | Entered Level 1 of the Elven Halls
 25150 | Elf:1    | Found Jeom's Weapon Boutique.
 25344 | Elf:1    | Reached ****** piety under Hepliaklqana
 25738 | Elf:1    | Noticed a Hell Sentinel
 25749 | Elf:1    | Reached XP level 16. HP: 81/100 MP: 18/21
 26251 | Elf:1    | Found a runed translucent gate.
 26251 | Elf:1    | Found a runed translucent gate.
 26251 | Elf:1    | Found a runed translucent gate.
 26251 | Elf:1    | Found a runed translucent gate.
 26251 | Elf:1    | Found a runed translucent gate.
 26251 | Elf:1    | Found a runed translucent gate.
 26251 | Elf:1    | Noticed a shadow dragon
 26378 | Elf:1    | Found Bedoym's Weapon Shoppe.
 26519 | Elf:1    | Paralysed by an air elemental for 1 turns
 26548 | Elf:1    | Found Ohybbith's Antique Armour Boutique.
 27628 | Elf:2    | Found a runed translucent gate.
 27629 | Elf:2    | Found a runed translucent gate.
 27629 | Elf:2    | Found a runed translucent gate.
 27647 | Elf:2    | Found Dudalus's Antique Weapon Emporium.
 28014 | Elf:2    | Paralysed by an air elemental for 1 turns
 28775 | Elf:2    | Noticed a deep elf blademaster
 28793 | Elf:2    | Killed a deep elf blademaster
 29020 | Elf:2    | Noticed Louise
 29025 | Elf:2    | Cast into level 2 of the Abyss (Louise)
 29096 | Abyss:2  | Noticed a tentacled starspawn
 29155 | Abyss:2  | Found a candlelit altar of Ignis.
 29168 | Abyss:2  | Paralysed by accursed screaming for 1 turns
 29198 | Abyss:2  | Noticed a tentacled starspawn
 29504 | Abyss:2  | Noticed a tentacled starspawn
 29510 | Abyss:2  | Noticed an Executioner
 29580 | Abyss:3  | Noticed a tentacled monstrosity
 29622 | Abyss:3  | Found a burning altar of Makhleb.
 29636 | Abyss:3  | Noticed a tentacled starspawn
 29640 | Abyss:3  | Found a hazy altar of Hepliaklqana.
 29670 | Abyss:3  | Noticed a tentacled starspawn
 29711 | Abyss:3  | Noticed a tentacled starspawn
 29730 | Abyss:3  | HP: 5/104 [shard shrike zombie (5)]
 29738 | Abyss:3  | Slain by an unseen horror

Illustrated notes

Levels and vault maps discovered:
D:1:      psy_arrival_fountain, layout_loops_ring,
          hellmonk_ecumenical_altar_inner_sanctum, corexii_corridor_pit,
          minmay_misc_feat_four_crosses, hangedman_decor_clover_reticule,
          hex_tiny, chequers_avenue, minmay_octomino_c4
D:2:      layout_loops_ring, basic_altar, uniq_jessica, uniq_natasha
D:3:      layout_basic
D:4:      layout_loops_corners, grunt_temple_overflow_cloverleaf,
          minmay_temple_entry_fiery, serial_co_window_serial,
          co_window_corner_a, co_window_corner_a, co_window_cross_1,
          co_window_paths_b, co_window_of_opportunity_a, co_window_cross_3,
          co_window_corner_ca, co_window_unsneaky_path_d, co_window_2corner,
          co_window_paths_c, co_window_paths_e, glass_columns_a,
          wad_rectangle_vault
D:5:      layout_basic, nicolae_sif_muna_little_library,
          makhleb_heckhound_becter, serial_shops, shop, minmay_starry_boxes,
          uniq_ijyb
D:6:      layout_basic, serial_shops, kennysheep_little_box, uniq_edmund
D:7:      layout_gridville
D:8:      layout_rooms, kennysheep_mini, serial_shops, shop,
          minmay_misc_feat_iff, lemuel_another_geyser
D:9:      layout_gridville, minmay_lindwurm_lava
D:10:     cheibrodos_iron_armory, layout_rooms
D:11:     layout_basic, david_lair_shrubbed, zombieorc2_lemuel,
          nicolae_trove_entry_isolated, minmay_hedge_maze,
          amcnicky_mini_corridor_feature, chequers_jeans, vehumet_crystals
Temple:   regret_index_temple_waves
Lair:1:   layout_cellular_growth, ebering_ghost_reflecting_pool, uniq_joseph
Lair:2:   layout_small_grid, serial_bayou_ford_a, st_stairs_4, uniq_nergalle
Lair:3:   layout_roguey, nicolae_spider_entry_tight_spaces, serial_bayou_pond_a
Lair:4:   layout_long_grid, minmay_shoals_entry_hut, basic_altar, uniq_snorg
Lair:5:   layout_loops_ring, grunt_megastairs_3
Lair:6:   due_jungle_book, layout_regular_city, dpeg_slime_entry_enclosed_altar,
          worms_lemuel, uniq_josephine
Orc:1:    layout_diamond_mine, special_room [special_room_orc]
Orc:2:    st_orc_ogre_mass, layout_caves, serial_shops,
          nicolae_shop_advertising_works [nicolae_subvault_shop_adworks], shop,
          nicolae_shop_stone, shop, basic_altar, mines_bat_river
Elf:1:    elf_arrival_001, layout_onion_city, serial_shops,
          nicolae_diamond_shop, nicolae_shop_bloodbath_and_beyond, shop_statue,
          orc_legates, st_stairs_10, nicolae_elf_crossing_hall
Elf:2:    nicolae_elf_blades_crystal_corner, layout_loops_corners, serial_shops,
          shop, hangedman_elf_represent, uniq_louise
Abyss:3:  base: Lair:5, gammafunk_corrupted_shrine, minivault_20,
          gammafunk_corrupted_shrine, hangedman_abyss_or_decor_passed,
          abyss_greek_temple, abyss_greek_temple, hangedman_abyss_theft

Skill      XL: |  1  2  3  4  5  6  7  8  9 10 11 12 13 14 15 16 |
---------------+-------------------------------------------------+-----
Maces & Flails | 3 4 5 7 8 11 13 16 | 16.0
Fighting       | 4 7 10 12 14 17 18 | 18.9
Armour         | 7 10 12 14 16 18 | 18.2
Shields        | 5 7 8 |  8.5
Invocations    | 3 6 7 |  7.0

Action                   |  1- 3 |  4- 6 |  7- 9 | 10-12 | 13-15 | 16-18 || total
-------------------------+-------+-------+-------+-------+-------+-------++-------
Melee: Flail             |    99 |   106 |       |       |       |       ||   205
       Morningstar       |       |    61 |   310 |   392 |   868 |   321 ||  1952
       Unarmed           |       |       |       |     7 |       |       ||     7
Throw: Dart              |       |       |       |    28 |    13 |       ||    41
Invok: Ancestor Identity |       |       |     1 |       |       |       ||     1
       Recall Ancestor   |       |       |     1 |     1 |     1 |     1 ||     4
       Ancestor Life: Ba |       |       |       |     1 |       |       ||     1
  Use: Scroll            |       |     4 |    13 |     6 |    12 |     5 ||    40
       Potion            |       |     1 |       |     1 |       |     4 ||     6
 Stab: Distracted        |       |       |     1 |     2 |    17 |     4 ||    24
Armor: Scale mail        |    79 |    89 |   128 |    37 |       |       ||   333
       Plate armour      |       |       |       |    66 |       |       ||    66
       Crystal plate arm |       |       |       |   185 |   559 |   412 ||  1156
       Skin              |       |       |       |     1 |       |       ||     1
Dodge: Dodged            |    44 |    86 |   125 |    78 |   121 |    90 ||   544
Block: Buckler           |    25 |    21 |    57 |   115 |   263 |   132 ||   613
